 Dungeon Crawl Stone Soup version 0.29-a0-1008-g949cc1d0fb (webtiles) character file.

Game seed: 14716250160955247731

44 Zonian the Gusty (level 3, 0/19 HPs)
             Began as a Tengu Air Elementalist on Aug 7, 2022.
             Slain by a quokka (4 damage)
             ... on level 2 of the Dungeon.
             The game lasted 00:02:07 (2081 turns).

Zonian the Gusty (Tengu Air Elementalist)           Turns: 2081, Time: 00:02:08

Health: 0/19       AC:  2    Str:  8    XL:     3   Next: 62%
Magic:  0/7        EV: 12    Int: 17    God:
Gold:   75         SH:  0    Dex: 14    Spells: 5/6 levels left

rFire   . . .      SeeInvis .   h - +0 dagger
rCold   . . .      Faith    .   (no shield)
rNeg    . . .      Spirit   .   a - +0 robe
rPois   .          Reflect  .   (helmet restricted)
rElec   .          Harm     .   (no cloak)
rCorr   .          Rampage  .   (no gloves)
Will    .....                   (boots unavailable)
Stlth   ++........              (no amulet)
HPRegen 0.06/turn               (no ring)
MPRegen 0.10/turn               (no ring)

@: no status effects
A: beak, talons 3
a: no special abilities


You were on level 2 of the Dungeon.
You visited 1 branch of the dungeon, and saw 2 of its levels.

You collected 75 gold pieces.

Inventory:

Hand Weapons
 h - a +0 dagger (weapon)
Missiles
 f - 7 boomerangs
Armour
 a - a +0 robe (worn)
 g - a +0 pair of gloves
Scrolls
 d - a scroll of vulnerability {unknown}
 e - a scroll of amnesia {unknown}
 j - a scroll of identify {unknown}
 l - a scroll of enchant armour {unknown}
Potions
 b - a potion of magic
 c - 4 potions of lignification {unknown}
 i - a potion of flight {unknown}
 k - a potion of curing {unknown}


   Skills:
 + Level 2.7 Dodging
 + Level 2.5 Stealth
 + Level 2.3 Spellcasting
 + Level 2.2 Conjurations
 + Level 4.4 Air Magic


You had 5 spell levels left.
You knew the following spells:

 Your Spells              Type           Power      Damage    Failure   Level
a - Shock                 Conj/Air       52%        1d6       4%          1

Your spell library contained the following spells:

 Spells                   Type           Power      Damage    Failure   Level
 Static Discharge         Conj/Air       13%        3-5/arc   7%          2
 Swiftness                Air            17%        N/A       9%          3
 Airstrike                Air            8%         2d(2-18)  30%         4


Dungeon Overview and Level Annotations

Branches:
Dungeon (2/15)

Altars:

Annotations:
D:2 Robin, Sigmund


Innate Abilities, Weirdness & Mutations

You have a beak for a mouth.
You have claws for feet.


Message History

The quokka attacks as you move away! The quokka bites you.
The quokka attacks as you move away! The quokka barely misses you.
The goblin attacks as you move away! The goblin hits you with a +0 club.
You hit the goblin.
You kill the goblin!
You closely miss the goblin. Your peck misses the goblin.
The goblin is heavily wounded.
The goblin barely misses you.
Unknown command.
You barely miss the goblin. Your punch misses the goblin.
The goblin is heavily wounded.
The goblin hits you with a +0 club.
You hit the goblin.
You kill the goblin!
You hit the quokka. Your peck misses the quokka.
The quokka is moderately wounded.
The quokka barely misses you.
You hit the quokka but do no damage.
The quokka is moderately wounded.
The quokka bites you.
The zap misses the quokka.
The quokka bites you.
You are too injured to fight recklessly!
Unknown command.
You are too injured to fight recklessly!
You are too injured to fight recklessly!
Unknown command.
Casting: Shock (safe; 4% risk of failure)
Confirm with . or Enter, or press ? or * to list all spells.
Aiming: Shock (safe; 4% risk of failure)
Press: ? - help, Shift-Dir - straight line, f/p - quokka
Aim: a quokka (moderately wounded, 56% to hit)
The zap misses the quokka.
The endoplasm quivers.
The quokka bites you.
* * * LOW HITPOINT WARNING * * *
The quokka misses you.
You barely miss the quokka. Your peck misses the quokka.
The quokka is moderately wounded.
The quokka bites you.
You die...

.+# .)..#.#.#.'........ ..
#####......J......... .#
+..[..#.#.#......#### .
#.J...)..).....# # ..
+.<..##.#......#### ####
#.....##.....#.#.÷.......# ...#
#.#.#.....#..#.#.......#. ...#
#.....###r#......#'##..... ...#
# #.#.#...#@###.##.#.# .#.#
...# #.#... ...#........÷.# ...
.....#.#)##....#.#.#..#.### .#
.....#................#.#
.....###.#####...#.#....####.#.
.....+.<.......#...............
.....#.###.#####.#####..#######
.....+[................>#
.....###.#.......########


You could see an endoplasm and a quokka.

Vanquished Creatures
  An adder (D:2)
  A ball python (D:2)
  A bat (D:2)
  An endoplasm (D:1)
  2 giant cockroaches (D:1)
  8 goblins
  3 hobgoblins
  3 jackals
  2 quokkas
  4 frilled lizards
  2 kobolds (D:1)
  5 rats
33 creatures vanquished.

Notes
Turn   | Place    | Note
-------+----------+-------------------------------------------
     0 | D:1      | Zonian the Tengu Air Elementalist began the quest for the
                  | Orb.
     0 | D:1      | Reached XP level 1. HP: 10/10 MP: 4/4
   316 | D:1      | Reached XP level 2. HP: 15/15 MP: 1/6
   908 | D:2      | Reached XP level 3. HP: 19/19 MP: 1/7
  1120 | D:2      | Noticed Robin
  1848 | D:2      | Noticed Sigmund
  2081 | D:2      | Slain by a quokka

Illustrated notes

Levels and vault maps discovered:
D:1:      minmay_arrival_radiant_lines, layout_rooms,
          chequers_serial_rivers_large_b, hangedman_decor_clover_reticule
D:2:      layout_basic, basic_ecumenical_altar, serial_glass, glass_columns_b,
          glass_columns_b, glass_columns_b, glass_columns_a, glass_columns_a,
          glass_columns_a, glass_columns_a, glass_columns_b, glass_columns_b,
          glass_columns_a, glass_columns_a, glass_columns_a, glass_columns_c,
          glass_columns_c, uniq_robin, uniq_sigmund

Skill      XL: |  1  2 |
---------------+-------+-----
Conjurations   | 2 |  2.2
Dodging        | |  2.7
Stealth        | |  2.5
Spellcasting   | |  2.3
Air Magic      | |  4.4

Action                   || total
-------------------------++-------
Melee: Dagger            ||    14
       Unarmed           ||     1
       Kick              ||     1
       Peck              ||     1
 Cast: Shock             ||    74
Armor: Robe              ||     8
Dodge: Dodged            ||    30

Table legend: (Time is in decaauts)
 A = Elapsed time spent in this place.
 B = Non-inter-level travel time spent in this place.
 C = Inter-level travel time spent in this place.
 D = Time resting spent in this place.
 E = Time spent auto-exploring this place.
 F = Levels seen in this place.
 G = Mean time per level.
                   A        B        C        D        E       F      G
               +--------+--------+--------+--------+--------+-----+--------+
         Total |   2107 |   2023 |     84 |   1007 |    786 |   2 | 1053.5 |
       Dungeon |   2107 |   2023 |     84 |   1007 |    786 |   2 | 1053.5 |
               +--------+--------+--------+--------+--------+-----+--------+

Top non-repeatable levels by time:
     D:1: 1685 daAuts
     D:2: 422 daAuts
